 Dungeon Crawl Stone Soup version 0.25.1-2-g60ff931df9 (webtiles) character file.

Game seed: 12447256818092611062

51 DildoBatman the Magician (level 4, 0/30 HPs)
             Began as a Formicid Wizard on Aug 19, 2020.
             Killed by nerve-wracking pain
             ... invoked by a shadow imp
             ... summoned by Natasha
              (5 damage)
             ... on level 2 of the Dungeon.
             The game lasted 00:03:23 (1499 turns).

DildoBatman the Magician (Formicid Wizard)          Turns: 1499, Time: 00:03:23

Health: 0/30       AC:  2    Str: 11    XL:     4   Next: 7%
Magic:  3/8        EV: 12    Int: 19    God:
Gold:   62         SH:  0    Dex:  9    Spells: 8/9 levels left

rFire    . . .     SeeInvis +   d - -1 dagger (curse)
rCold    . . .     Gourm    .   (no shield)
rNeg     . . .     Faith    .   a - +0 robe
rPois    .         Spirit   .   (helmet unavailable)
rElec    .         Reflect  .   (no cloak)
rCorr    +         Harm     .   (no gloves)
MR       .....                  (no boots)
Stlth    ++........             (no amulet)
HPRegen  0.10/turn              g - ring of resist corrosion
MPRegen  0.11/turn              (no ring)

@: no status effects
A: permanent stasis, dig shafts and tunnels, four strong arms, antennae 3
a: Dig, Shaft Self


You were on level 2 of the Dungeon.
You were not hungry.

You visited 1 branch of the dungeon, and saw 2 of its levels.

You collected 62 gold pieces.

Inventory:

Hand Weapons
 d - a cursed -1 dagger (weapon)
 e - a +0 dagger
 m - a +0 whip
Missiles
 c - 61 stones (quivered)
 h - 62 bolts
 l - 7 boomerangs
Armour
 a - a +0 robe (worn)
Jewellery
 g - a ring of resist corrosion (left hand)
Scrolls
 b - 3 scrolls of identify {unknown}
 j - a scroll of random uselessness {unknown}
 n - a scroll of teleportation {unknown}
Potions
 f - 2 potions of curing {unknown}
 i - a potion of heal wounds {unknown}
Comestibles
 v - 3 rations


   Skills:
 - Level 1.7 Dodging
 - Level 2.4 Stealth
 - Level 3.2 Spellcasting
 * Level 3.2 Conjurations
   Level 1.0 Summonings
   Level 0.8 Translocations


You had 8 spell levels left.
You knew the following spells:

 Your Spells              Type           Power        Failure   Level  Hunger
c - Magic Dart            Conj           ###.         4%          1    None

Your spell library contained the following spells:

 Spells                   Type           Power        Failure   Level  Hunger
 Call Imp                 Summ           #.......     16%         2    ##.....
 Slow                     Hex            #.......     22%         2    ##.....
 Conjure Flame            Conj/Fire      #.......     22%         3    ###....
 Mephitic Cloud           Conj/Pois/Air  #.......     28%         3    ###....
 Blink                    Tloc           Unusable     N/A         2    N/A

Dungeon Overview and Level Annotations

Branches:
Dungeon (2/15)

Altars:

Annotations:
D:2 Natasha


Innate Abilities, Weirdness & Mutations

You cannot be hasted, slowed, berserked, paralysed or teleported.
You can dig through walls and to a lower floor.
Your four strong arms can wield two-handed weapons with a shield.
You have a pair of large antennae on your head. (SInv)


Message History

You don't know that spell.
Natasha mumbles some strange words.
Found a fizzy black potion.
Unknown command.
Unknown command.
Casting: Magic Dart (safe; 4% risk of failure)
Confirm with . or Enter, or press ? or * to list all spells.
You don't know that spell.
Unknown command.
Adjust (i)tems, (s)pells, or (a)bilities?
Adjust which spell?
Okay, then.
Unknown command.
The shadow imp hits you.
A quokka comes into view.
Natasha barely misses you.
The shadow imp shouts, "Begone, thou loggerheaded motley-minded wagtail!"
The shadow imp gestures at you. Pain shoots through your body!
You die...

.......#
#.#.#..##+##+#..##
##......+
..................
#.#.#5.##.#..#....
#.#.#.............
#######.#.#..##.#.......
.r{.....................
########5#5##.##.#..#####
.........h............. #
########@#.##.##.#.###.##
###<##.##.### ##
####.##.# . #.##.# ##
####.#


You could see an iron imp (summoned), Natasha and a shadow imp (summoned).

Vanquished Creatures
  An adder (D:2)
  2 dart slugs (D:1)
  2 giant cockroaches (D:1)
  2 goblins (D:1)
  5 hobgoblins (D:1)
  4 kobolds
  A quokka (D:2)
  A ball python (D:1)
  6 bats
  7 frilled lizards (D:1)
  6 rats
37 creatures vanquished.

Notes
Turn   | Place    | Note
-------+----------+-------------------------------------------
     0 | D:1      | DildoBatman the Formicid Wizard began the quest for the
                  | Orb.
     0 | D:1      | Reached XP level 1. HP: 13/13 MP: 4/4
    34 | D:1      | Reached skill level 1 in Conjurations
   188 | D:1      | Reached XP level 2. HP: 19/19 MP: 1/6
   641 | D:1      | Reached XP level 3. HP: 24/24 MP: 1/7
  1357 | D:2      | Noticed Natasha
  1463 | D:2      | Reached XP level 4. HP: 19/30 MP: 0/8
  1499 | D:2      | Killed from afar by a shadow imp

Illustrated notes

Levels and vault maps discovered:
D:1:      dpeg_arrival_pits, layout_basic, st_stairs_10, kennysheep_another_room
D:2:      layout_basic, lightli_temple_of_fire, minmay_hexomino_c4, uniq_natasha

Skill      XL: |  1  2  3 |
---------------+----------+-----
Conjurations   | 1 2 3 |  3.2
Dodging        | |  1.7
Stealth        | |  2.4
Spellcasting   | |  3.2
Summonings     | |  1.0
Translocations | |  0.8

Action                   |  1- 3 |  4- 6 || total
-------------------------+-------+-------++-------
Melee: Unarmed           |     1 |       ||     1
       Dagger            |     7 |       ||     7
Throw: Stone             |     1 |       ||     1
 Cast: Magic Dart        |    95 |     2 ||    97
  Eat: Chunk             |     1 |     1 ||     2
Armor: Robe              |     2 |       ||     2
Dodge: Dodged            |    18 |     1 ||    19
